 Dungeon Crawl Stone Soup version 0.25-a0-479-g8579842fd4 (webtiles) character file.

Game seed: 13003042396802797297, levelgen mode: deterministic

2994 Kohma the Stinger (level 9, -4/74 HPs)
             Began as a Purple Draconian Venom Mage on Feb 9, 2020.
             Was a Priest of Qazlal.
             Killed from afar by a catoblepas (9 damage)
             ... with a blast of calcifying dust
             ... on level 6 of the Dungeon.
             The game lasted 00:28:44 (7992 turns).

Kohma the Stinger (Purple Draconian Venom Mage)     Turns: 7992, Time: 00:28:45

Health: -4/74      AC:  7    Str: 10    XL:     9   Next: 54%
Magic:  9/15       EV: 12    Int: 19    God:    Qazlal [***...]
Gold:   362        SH:  4    Dex: 12    Spells: 3/16 levels left

rFire    . . .     SeeInvis .   a - +3 dagger (venom)
rCold    . . .     Gourm    .   (no shield)
rNeg     . . .     Faith    .   (armour unavailable)
rPois    .         Spirit   .   (helmet restricted)
rElec    .         Reflect  .   (no cloak)
rCorr    .         Harm     .   (no gloves)
MR       +....                  (no boots)
Stlth    +.........             (no amulet)
HPRegen  0.22/turn              t - ring of flight
MPRegen  0.14/turn              (no ring)

@: very slightly contaminated
A: breathe power, unfitting armour, cold-blooded, AC +7
a: Breathe Dispelling Energy, Upheaval, Elemental Force, Renounce Religion,
Evoke Flight


You were on level 6 of the Dungeon.
You worshipped Qazlal.
Qazlal was most pleased with you.
You were not hungry.

You visited 2 branches of the dungeon, and saw 7 of its levels.

You collected 362 gold pieces.

Inventory:

Hand Weapons
 a - a +3 dagger of venom (weapon)
 b - a +1 hunting sling of freezing
 h - a +2 mace of protection
 x - a +0 club
Missiles
 o - 33 sling bullets
 p - 347 stones
 A - 8 poisoned darts (quivered)
Armour
 c - a +1 shield
Jewellery
 s - an uncursed ring of ice
 t - a ring of flight (left hand)
 y - an uncursed ring of fire
Wands
 f - a wand of polymorph (11)
 r - a wand of digging (8)
 u - a wand of iceblast (1)
 z - a wand of random effects (21)
Scrolls
 d - 2 scrolls of enchant armour
 g - a scroll of identify
 k - 3 scrolls of teleportation
 l - a scroll of enchant weapon
 m - 2 scrolls of remove curse
 B - a scroll of magic mapping {unknown}
Potions
 e - 2 potions of berserk rage
 i - a potion of invisibility
 q - 3 potions of might
 v - 2 potions of cancellation
 w - a potion of magic {unknown}
Comestibles
 j - 3 chunks of flesh
 n - 7 rations


   Skills:
 - Level 5.0 Fighting
 * Level 6.5 Short Blades
 - Level 1.7 Dodging
 - Level 1.7 Stealth
 * Level 5.2 Shields
 - Level 4.0 Spellcasting
 - Level 2.3 Conjurations
 - Level 1.0 Transmutations
 - Level 2.5 Air Magic
 - Level 7.0 Poison Magic
 + Level 4.1 Invocations


You had 3 spell levels left.
You knew the following spells:

 Your Spells              Type           Power        Failure   Level  Hunger
a - Sting                 Tmut/Pois      ###.         2%          1    None
b - Poisonous Vapours     Pois/Air       ###...       3%          2    ##.....
c - Mephitic Cloud        Conj/Pois/Air  ###.....     9%          3    ###....
d - Olgreb's Toxic Radia  Pois           ####....     8%          4    ####...
e - Ignite Poison         Fire/Tmut/Pois ##......     14%         3    ###....

Your spell library contained the following spells:

 Spells                   Type           Power        Failure   Level  Hunger


Dungeon Overview and Level Annotations

Branches:
Dungeon (6/15)             Temple (1/1) D:5

Altars:
Ashenzari
Cheibriados
Dithmenos
Elyvilon
Fedhas
Gozag
Hepliaklqana
Kikubaaqudgha
Makhleb
Nemelex Xobeh
Okawaru
Qazlal
Ru
Sif Muna
Trog
Uskayaw
Vehumet
Wu Jian
Xom
Yredelemnul
Zin
The Shining One

Annotations:
D:6 1 transporter


Innate Abilities, Weirdness & Mutations

You can breathe bolts of dispelling energy.
Your rich purple scales are hard. (AC +7)
You cannot fit into any form of body armour.
You are cold-blooded and may be slowed by cold attacks.


Message History

Casting: Poisonous Vapours (safe; 3% risk of failure)
Confirm with . or Enter, or press ? or * to list all spells.
Aiming: Poisonous Vapours (safe; 3% risk of failure)
Press: ? - help, Dir - move target cursor, f/p - catoblepas
Aim: a catoblepas (calcifying dust, lightly wounded, poisoned) There's already a cloud there!
You barely miss the catoblepas.
The catoblepas is lightly wounded.
The catoblepas gores you!!
* * * LOW HITPOINT WARNING * * *
Okay, then.
Okay, then.
The orc warrior seems less confused.
You see here 14 gold pieces.
The storm surrounding you is now too weak to repel missiles.
You will no longer adapt resistances upon receiving elemental damage.
You see here a scroll of identify.
The catoblepas breathes a plume of calcifying dust at you.
The blast of calcifying dust hits you!
You die...

#.. #.......#
#.#####.#####.#
##...........#.#
#..#########...# #
#.##....§..##..# #
#.#8.##.##.8#..##
#######.#..##.##Y$#...#
........#..†t...§.#...#
#####..©#..©o.§.@_#©..#
# ##..#.......$.#..## #
##.#..##.##$$#.##
#.#8.##.##.8#.#
#.##...©...##.#
#..#########..#
##...........##
###.#########


You could see a catoblepas, an orc warrior and a crocodile (petrified).

Vanquished Creatures
  Pikel (D:4)
  Grinder (D:5)
  Menkaure (D:5)
  Purgy (D:2)
  An orc warrior (D:6)
  An ice beast (D:6)
  A sky beast (D:5)
  A centaur (D:5)
  2 ogres
  5 big kobolds (D:5)
  A water moccasin zombie (D:6)
  2 scorpions
  2 howler monkeys
  2 crimson imps
  A hound (D:4)
  5 orc priests
  3 orc wizards
  A bullfrog skeleton (D:5)
  Ijyb (D:3)
  2 iguanas
  Terence (D:3)
  9 worker ants
  A hound skeleton (D:5)
  9 gnolls
  5 adders
  A white imp (D:5)
  An adder zombie (D:6)
  4 worms
  A dart slug (D:1)
  2 leopard geckos
  23 orcs
  6 bats
  10 giant cockroaches
  9 goblins
  11 hobgoblins
  3 quokkas
  A frilled lizard (D:1)
  58 kobolds
  A leopard gecko skeleton (D:4)
  A leopard gecko zombie (D:6)
  9 rats
201 creatures vanquished.

Vanquished Creatures (others)
  2 slaves (D:4)
  An ogre (D:4)
  4 orcs (D:4)
  A leopard gecko skeleton (D:5)
8 creatures vanquished.

Grand Total: 209 creatures vanquished

Notes
Turn   | Place    | Note
-------+----------+-------------------------------------------
     0 | D:1      | Kohma the Draconian Venom Mage began the quest for the Orb.
     0 | D:1      | Reached XP level 1. HP: 14/14 MP: 3/3
   193 | D:1      | Reached XP level 2. HP: 20/20 MP: 5/5
   280 | D:1      | Learned a level 2 spell: Poisonous Vapours
   792 | D:2      | Reached XP level 3. HP: 12/26 MP: 0/6
   830 | D:2      | Reached skill level 1 in Air Magic
  1228 | D:2      | Reached skill level 4 in Poison Magic
  1436 | D:2      | Found a stormy altar of Qazlal.
  1444 | D:2      | Became a worshipper of Qazlal Stormbringer
  1559 | D:3      | Noticed Purgy
  1576 | D:2      | Killed Purgy
  1576 | D:2      | Reached XP level 4. HP: 7/33 MP: 0/8
  1576 | D:2      | Reached XP level 5. HP: 8/38 MP: 0/9
  2740 | D:3      | Reached skill level 5 in Poison Magic
  2809 | D:3      | Noticed Ijyb
  3014 | D:2      | Learned a level 3 spell: Mephitic Cloud
  3019 | D:2      | Learned a level 4 spell: Olgreb's Toxic Radiance
  3031 | D:3      | Killed Ijyb
  3031 | D:3      | Reached skill level 1 in Fighting
  3031 | D:3      | Reached skill level 1 in Short Blades
  3034 | D:3      | Reached * piety under Qazlal
  3245 | D:3      | Reached XP level 6. HP: 47/47 MP: 4/10
  3309 | D:3      | Noticed Terence
  3324 | D:3      | Killed Terence
  3478 | D:4      | Noticed Pikel
  3478 | D:4      | Noticed a slave
  3482 | D:4      | Noticed a slave
  3485 | D:4      | Noticed a slave
  3486 | D:4      | Noticed a slave
  3492 | D:4      | Killed Pikel
  3492 | D:4      | Reached skill level 6 in Poison Magic
  3492 | D:4      | Your scales start taking on a rich purple colour.
  3492 | D:4      | Reached XP level 7. HP: 56/56 MP: 0/12
  3757 | D:4      | Reached XP level 8. HP: 64/64 MP: 1/13
  4002 | D:4      | Reached skill level 7 in Poison Magic
  4454 | D:5      | Entered Level 5 of the Dungeon
  4471 | D:4      | Reached skill level 1 in Invocations
  4486 | D:4      | Reached ** piety under Qazlal
  4614 | D:4      | Learned a level 3 spell: Ignite Poison
  4641 | D:5      | Reached skill level 1 in Shields
  5296 | D:5      | Noticed Grinder
  5314 | D:5      | Noticed Menkaure
  5315 | D:5      | Killed Grinder
  5568 | D:5      | Found a white marble altar of Elyvilon.
  5575 | D:5      | Found a shadowy altar of Dithmenos.
  5582 | D:5      | Found a burning altar of Makhleb.
  5590 | D:5      | Found a basalt altar of Yredelemnul.
  5595 | D:5      | Found a stormy altar of Qazlal.
  5606 | D:5      | Found a shimmering blue altar of Sif Muna.
  5614 | D:5      | Found a sparkling altar of Nemelex Xobeh.
  5664 | D:5      | Reached skill level 5 in Short Blades
  5963 | D:5      | Killed Menkaure
  5963 | D:5      | Reached XP level 9. HP: 34/73 MP: 15/15
  6345 | D:5      | Reached skill level 5 in Fighting
  6355 | D:5      | Reached *** piety under Qazlal
  7202 | D:5      | Found a staircase to the Ecumenical Temple.
  7211 | Temple   | Entered the Ecumenical Temple
  7583 | D:6      | Reached skill level 5 in Shields
  7754 | D:6      | Reached **** piety under Qazlal
  7927 | D:6      | Found a transporter.
  7944 | D:6      | Found a hide-covered altar of Uskayaw.
  7946 | D:6      | Noticed a catoblepas
  7976 | D:6      | Found a transporter.
  7992 | D:6      | Killed from afar by a catoblepas

Levels and vault maps discovered:
D:1:      grunt_arrival_crossed_arrows, layout_loops_ring
D:2:      layout_rooms, nicolae_qazlal_eye_of_the_storm
D:3:      layout_rooms, first_ration, uniq_terence, uniq_ijyb, uniq_purgy
D:4:      layout_rooms, corexii_checkpoint_b, uniq_pikel
D:5:      minmay_goblin_kobold_castle, layout_cave_pools,
          grunt_temple_overflow_octagram, lemuel_temple_firewalk_a,
          minmay_fire_ice_demons, uniq_grinder, uniq_menkaure
D:6:      layout_loops_ring, gammafunk_temple_overflow_arena, serial_shops,
          kennysheep_mini_moat
Temple:   nicolae_temple_great_sept

Skill      XL: |  1  2  3  4  5  6  7  8  9 |
---------------+----------------------------+-----
Air Magic      | 2 |  2.5
Poison Magic   | 4 5 6 7 |  7.0
Spellcasting   | 3 4 |  4.0
Fighting       | 1 2 3 4 5 |  5.0
Short Blades   | 1 2 3 5 6 |  6.5
Conjurations   | 2 |  2.3
Invocations    | 3 4 |  4.1
Shields        | 3 5 |  5.2
Dodging        | |  1.7
Stealth        | |  1.7
Transmutations | |  1.0

Action                   |  1- 3 |  4- 6 |  7- 9 || total
-------------------------+-------+-------+-------++-------
Melee: Short sword       |    26 |       |       ||    26
       Unarmed           |     7 |       |       ||     7
       Tailslap          |     7 |     3 |    37 ||    47
       Mace              |    51 |     7 |       ||    58
       Dagger            |       |    54 |   300 ||   354
 Cast: Sting             |    15 |     4 |    24 ||    43
       Poisonous Vapours |    22 |    35 |    91 ||   148
       Mephitic Cloud    |       |     3 |    13 ||    16
Evoke: Wand              |       |       |     3 ||     3
  Use: Scroll            |       |       |    12 ||    12
 Stab: Sleeping          |     2 |       |       ||     2
       Confused          |       |     1 |     6 ||     7
  Eat: Chunk             |     4 |     7 |    19 ||    30
Armor: Skin              |    49 |    21 |    73 ||   143
Dodge: Dodged            |   112 |    63 |   176 ||   351
Block: Other             |       |     1 |    38 ||    39

Table legend:
 A = Non-vault XP
 B = Vault XP
 C = Vault XP percentage of total XP
 D = Non-vault monster count
 E = Vault monster count
 F = Vault count percentage of total count
                 A         B        C        D         E       F
            +---------+---------+-------+---------+---------+-------
      Total |    2332 |    1946 |  45.5 |     134 |      68 |  33.7
            +---------+---------+-------+---------+---------+-------
        D:1 |      34 |       0 |   0.0 |      19 |       0 |   0.0
        D:2 |      69 |     136 |  66.3 |      24 |       1 |   4.0
        D:3 |     112 |      65 |  36.7 |      26 |       2 |   7.1
        D:4 |     605 |     667 |  52.4 |      24 |       3 |  11.1
        D:5 |    1024 |    1076 |  51.2 |      29 |      61 |  67.8
        D:6 |     488 |       2 |   0.4 |      12 |       1 |   7.7
            +---------+---------+-------+---------+---------+-------
